 Dungeon Crawl Stone Soup version 0.27.0-1-g7a089689b8 (webtiles) character file.

Game seed: 11937297345292627756

289 PentaManta the Ruffian (level 6, -4/48 HPs)
             Began as a Ghoul Gladiator on Aug 16, 2021.
             Killed by divine providence
             ... invoked by an orc priest
              (13 damage)
             ... on level 4 of the Dungeon.
             The game lasted 00:05:32 (3122 turns).

PentaManta the Ruffian (Ghoul Gladiator)            Turns: 3122, Time: 00:05:33

Health: -4/48      AC:  7    Str: 19    XL:     6   Next: 31%
Magic:  5/5        EV: 10    Int:  4    God:
Gold:   142        SH:  0    Dex: 10    Spells: 5/5 levels left

rFire    . . .     SeeInvis .     - Unarmed
rCold    + . .     Faith    .   (no shield)
rNeg     + + +     Spirit   .   d - +0 scale mail
rPois    ∞         Reflect  .   b - +0 helmet
rElec    .         Harm     .   (no cloak)
rCorr    .         Rampage  .   (no gloves)
Will     .....                  (no boots)
Stlth    ..........             (no amulet)
HPRegen  0.00/turn              (no ring)
MPRegen  0.09/turn              (no ring)

@: inhibited regen
A: claws 1, cold resistance 1, negative energy resistance 3, inhibited
regeneration, torment resistance 2
a: no special abilities


You were on level 4 of the Dungeon.
You visited 1 branch of the dungeon, and saw 4 of its levels.

You collected 142 gold pieces.

Inventory:

Missiles
 c - 3 throwing nets (quivered)
Armour
 a - a +0 leather armour
 b - a +0 helmet (worn)
 d - a +0 scale mail (worn)
 j - a +0 chain mail
 m - a +2 pair of gloves
Jewellery
 i - a +4 ring of slaying
Wands
 q - a wand of iceblast (7)
Scrolls
 e - a scroll of fog {unknown}
 h - a scroll of enchant armour {unknown}
Potions
 f - 2 potions of heal wounds
 g - 2 potions of degeneration {unknown}
 k - a potion of lignification {unknown}
 l - 2 potions of curing {unknown}
 n - a potion of cancellation {unknown}
 o - a potion of attraction {unknown}
 p - a potion of brilliance {unknown}


   Skills:
 - Level 2.1 Fighting
 - Level 1.7 Throwing
 - Level 2.6 Dodging
 + Level 7.5 Unarmed Combat


You had 5 spell levels left.
You didn't know any spells.
Your spell library contained the following spells:

 Spells                   Type           Power      Damage    Failure   Level
 Magic Dart               Conj           0%         1d3       88%         1
 Searing Ray              Conj           0%         3d3       95%         2
 Fulminant Prism          Conj/Hex       0%         3d6       100%        4
 Summon Hydra             Summ           0%         N/A       100%        7
 Sublimation of Blood     Necr           Unusable   N/A       N/A         2
 Wereblood                Tmut           Unusable   N/A       N/A         2

Dungeon Overview and Level Annotations

Branches:
Dungeon (4/15)
 Temple: D:4-7

Altars:


Innate Abilities, Weirdness & Mutations

You thrive by killing the living.
You are immune to poison.
You have sharp fingernails.
Your flesh is cold resistant. (rC+)
You are immune to negative energy. (rN+++)
You do not regenerate when monsters are visible.
You are immune to unholy pain and torment.


Message History

An orc comes into view. It is wielding a +0 flail.
The orc wizard hits you with a +3 dagger.
Things that are here:
a +0 dagger; an orc corpse The orc wizard barely misses you.
An orc comes into view. It is wielding a +0 whip.
You bump into the rock wall.
The orc shouts!
The orc barely misses you. The orc wizard casts a spell at you.
The puff of flame misses you.
An orc priest comes into view. It is wielding a +0 hand axe.
You bump into the rock wall.
You feel less confused. The orc closely misses you.
The orc wizard barely misses you.
The orc priest invokes the aid of Beogh against you.
Beogh smites you!
You claw the orc wizard!
The orc wizard is heavily wounded.
The orc priest invokes the aid of Beogh against you.
Beogh smites you!
You scratch the orc wizard.
The orc wizard is almost dead.
You closely miss the orc wizard.
The orc wizard is almost dead.
The orc wizard closely misses you.
The orc priest calls down the wrath of Beogh upon you.
Beogh smites you!
* * * LOW HITPOINT WARNING * * *
The orc hits you but does no damage.
You claw the orc wizard!
You kill the orc wizard!
The orc hits you with a +0 flail.
* * * LOW HITPOINT WARNING * * *
The orc barely misses you.
Things that are here:
a +0 dagger; an orc corpse The orc priest calls down the wrath of Beogh upon you.
Beogh smites you!
You die...

#.# #.# ##### #.# ....
#.# ..# #.#
#.#####o.##### #.#
#.....o.......
#.############o#.#####
#...........##.# #
###########..@.#
######


You could see an orc priest and 2 orcs.

Vanquished Creatures
  2 water moccasin skeletons (D:4)
  A hound (D:4)
  An orc wizard (D:4)
  Robin (D:4)
  3 adders
  A worm (D:2)
  3 dart slugs
  An orc (D:4)
  5 ball pythons
  10 endoplasms
  2 giant cockroaches
  13 goblins
  6 hobgoblins
  8 jackals
  6 kobolds
  2 quokkas
  2 bats
  7 frilled lizards
  5 rats
79 creatures vanquished.

Vanquished Creatures (others)
  A demonic plant (D:2)
1 creature vanquished.

Grand Total: 80 creatures vanquished

Notes
Turn   | Place    | Note
-------+----------+-------------------------------------------
     0 | D:1      | PentaManta the Ghoul Gladiator began the quest for the Orb.
     0 | D:1      | Reached XP level 1. HP: 17/17 MP: 0/0
   360 | D:1      | Reached XP level 2. HP: 21/24 MP: 1/1
   367 | D:1      | Reached skill level 4 in Unarmed Combat
   506 | D:1      | Reached XP level 3. HP: 29/29 MP: 2/2
   923 | D:2      | Found a faded altar of an unknown god.
  1125 | D:2      | Reached skill level 5 in Unarmed Combat
  1902 | D:3      | Reached XP level 4. HP: 36/36 MP: 3/3
  2735 | D:4      | Reached skill level 6 in Unarmed Combat
  2735 | D:4      | Reached XP level 5. HP: 40/41 MP: 4/4
  2920 | D:4      | Noticed Robin
  2950 | D:4      | Reached skill level 7 in Unarmed Combat
  2950 | D:4      | Reached XP level 6. HP: 42/48 MP: 5/5
  2955 | D:4      | Killed Robin
  3122 | D:4      | Killed from afar by an orc priest

Illustrated notes

Levels and vault maps discovered:
D:1:      lightli_arrival_noodles, layout_basic
D:2:      layout_loops_cross, shapermc_ecumenical_altar_gd
D:3:      layout_basic
D:4:      layout_basic, minmay_joined_circles, uniq_robin

Skill      XL: |  1  2  3  4  5 |
---------------+----------------+-----
Unarmed Combat | 4 5 6 7 |  7.5
Fighting       | |  2.1
Throwing       | |  1.7
Dodging        | |  2.6

Action                   |  1- 3 |  4- 6 || total
-------------------------+-------+-------++-------
Melee: Unarmed           |   121 |   124 ||   245
       Punch             |     3 |     2 ||     5
  Use: Scroll            |       |     5 ||     5
Armor: Scale mail        |    45 |    54 ||    99
       Leather armour    |     2 |       ||     2
Dodge: Dodged            |    59 |    76 ||   135
